 Dungeon Crawl Stone Soup version 0.19.5 (webtiles) character file.

337 RaHiT the Magician (level 6, -2/41 HPs)
             Began as a Mummy Conjurer on May 1, 2017.
             Slain by Pikel
             ... wielding a +1 whip of electrocution
              (18 damage)
             ... on level 4 of the Dungeon.
             The game lasted 00:14:17 (3699 turns).

RaHiT the Magician (Mummy Conjurer)                 Turns: 3699, Time: 00:14:18

Health: -2/41      AC:  3    Str: 14    XL:     6   Next: 28%
Magic:  4/13       EV: 12    Int: 17    God:
Gold:   264        SH:  5    Dex: 12    Spells: 4 memorised, 3 levels left

rFire  . . .     SeeInvis .     c - +1 hunting sling (velocity)
rCold  + . .     Gourm    .     a - +0 robe
rNeg   + + +     Faith    .     (no shield)
rPois  ∞         Spirit   .     (no helmet)
rElec  .         Reflect  +     (no cloak)
rCorr  .         Harm     .     j - +0 pair of gloves
MR     .....                    (no boots)
Stlth  ++........               o - +5 amulet of reflection
                                q - +3 ring of strength
                                m - ring of protection from fire

@: no status effects
A: no food or potions, fire vulnerability, cold resistance 1, negative energy
resistance 3, torment resistance, unbreathing
a: no special abilities


You were on level 4 of the Dungeon.
You were not hungry.

You visited 1 branch of the dungeon, and saw 4 of its levels.

You collected 264 gold pieces.

Inventory:

Hand Weapons
 c - a +1 hunting sling of velocity (weapon)
Missiles
 d - 211 stones (quivered)
 l - 18 sling bullets
Armour
 a - a +0 robe (worn)
 j - a +0 pair of gloves (worn)
Jewellery
 m - a ring of protection from fire (left hand)
 o - a +5 amulet of reflection (around neck)
 q - a +3 ring of strength (right hand)
Wands
 g - a wand of polymorph (12/24)
 n - a wand of random effects (12/48)
Scrolls
 e - 3 scrolls of remove curse {unknown}
 f - 3 scrolls of fog {unknown}
 h - 2 scrolls of identify {unknown}
 i - a scroll of blinking {unknown}
 k - a scroll of teleportation {unknown}
 p - a scroll of enchant armour {unknown}
Books
 b - a book of Conjurations

   Spells                             Type                      Level
   a - Magic Dart                     Conjuration                  1
   b - Searing Ray                    Conjuration                  2
   c - Dazzling Spray                 Conjuration/Hexes            3
   d - Fulminant Prism                Conjuration/Hexes            4
   e - Iskenderun's Mystic Blast      Conjuration                  4
   f - Iskenderun's Battlesphere      Conjuration/Charms           5


   Skills:
 - Level 2.0 Dodging
 - Level 1.5 Stealth
 - Level 5.0 Spellcasting
 * Level 4.4 Conjurations


You had 3 spell levels left.
You knew the following spells:

 Your Spells              Type           Power        Failure   Level  Hunger
a - Magic Dart            Conj           ###.         2%          1    N/A
b - Iskenderun's Mystic   Conj           ###.....     24%         4    N/A
c - Iskenderun's Battles  Conj/Chrm      ##......     99%         5    N/A
q - Searing Ray           Conj           ###...       3%          2    N/A

Dungeon Overview and Level Annotations

Branches:
Dungeon (4/15)
 Temple: D:4-7

Altars:
Gozag
Hepliaklqana
Makhleb
Xom
The Shining One

Annotations:
D:4 exclusion: slave, Pikel


Innate Abilities, Weirdness & Mutations

You do not eat or drink.
Your flesh is vulnerable to fire.
You are immune to poison.
Your flesh is cold resistant. (rC+)
You are immune to negative energy. (rN+++)
You are immune to unholy pain and torment.
You can survive without breathing.


Message History

The searing ray hits Pikel.
Pikel is moderately wounded. (Press . to maintain the ray.)
The slave shouts!
Pikel closely misses you.
The searing ray hits Pikel.
Pikel is moderately wounded.
The slave hits you. You block the gnoll's attack. You block Pikel's attack.
The searing ray hits Pikel.
Pikel is moderately wounded.
The slave completely misses you. The gnoll barely misses you. Pikel misses you.
The searing ray hits Pikel.
Pikel is heavily wounded.
The searing ray hits the slave.
The slave is moderately wounded.
You finish channeling your searing ray.
The slave barely misses you. The gnoll hits you.
Pikel hits you with a whip of electrocution!
You are electrocuted!
You die...

.......#.................'...
.......#.................#...
.......#...###############...
.......#...#........# ###.
.......###'#........# #.
..........(.........# ##
................(( #
........p(o.....o# ##
.......pK@g..(...# #.
........p#####...########.
.........# ..(........
.........# ........###
........# ........'.. .......
........#.. ..#####
........#.. .! ........###
####+#.....


You could see Pikel, 3 slaves, a gnoll and 2 orcs.

Vanquished Creatures
  A gnoll shaman (D:4)
  An orc priest (D:3)
  A worker ant (D:4)
  12 gnolls
  6 adders
  A shadow imp (D:3)
  2 oozes
  A dart slug (D:4)
  5 orcs
  9 bats
  10 goblins
  5 hobgoblins
  3 jackals (D:4)
  A quokka (D:2)
  4 frilled lizards
  8 kobolds
  A leopard gecko skeleton (D:4)
  A quokka skeleton (D:4)
  10 rats
82 creatures vanquished.

Notes
Turn   | Place    | Note
-------+----------+-------------------------------------------
     0 | D:1      | RaHiT the Mummy Conjurer began the quest for the Orb.
     0 | D:1      | Reached XP level 1. HP: 13/13 MP: 3/3
   290 | D:1      | Reached XP level 2. HP: 19/19 MP: 3/5
   294 | D:1      | Learned a level 2 spell: Searing Ray
   603 | D:1      | Reached skill level 3 in Spellcasting
  1052 | D:2      | Reached XP level 3. HP: 24/24 MP: 7/7
  1254 | D:2      | Found a faded altar of an unknown god.
  1699 | D:2      | Found a shimmering altar of Xom.
  1900 | D:3      | Reached skill level 4 in Spellcasting
  1900 | D:3      | Reached XP level 4. HP: 29/30 MP: 5/10
  1906 | D:3      | Learned a level 4 spell: Iskenderun's Mystic Blast
  1912 | D:3      | Found an opulent altar of Gozag.
  2217 | D:3      | Reached XP level 5. HP: 35/35 MP: 10/12
  2228 | D:3      | Reached skill level 5 in Spellcasting
  2253 | D:3      | Found a glowing golden altar of the Shining One.
  2330 | D:3      | Learned a level 5 spell: Iskenderun's Battlesphere
  2332 | D:3      | Found a hazy altar of Hepliaklqana.
  2332 | D:3      | Found a burning altar of Makhleb.
  3155 | D:4      | Reached XP level 6. HP: 20/41 MP: 4/13
  3454 | D:4      | Noticed a slave
  3690 | D:4      | Noticed Pikel
  3692 | D:4      | Noticed a slave
  3694 | D:4      | Noticed a slave
  3694 | D:4      | Noticed a slave
  3699 | D:4      | Slain by Pikel

Skill      XL: |  1  2  3  4  5 |
---------------+----------------+-----
Spellcasting   | 3 4 5 |  5.0
Dodging        | 2 |  2.0
Conjurations   | 4 |  4.4
Stealth        | |  1.5

Action                   |  1- 3 |  4- 6 || total
-------------------------+-------+-------++-------
 Fire: Hunting sling     |    56 |   110 ||   166
 Cast: Magic Dart        |     9 |     2 ||    11
       Searing Ray       |     4 |    17 ||    21
  Use: Scroll            |       |     1 ||     1
Armor: Robe              |     2 |     8 ||    10
Dodge: Dodged            |     8 |    40 ||    48
Block: Other             |       |    18 ||    18
       Reflection        |       |     5 ||     5
